 Dungeon Crawl Stone Soup version 0.27-a0-1334-g2746e35aca (webtiles) character file.

Game seed: 9045332776273173135

1373 Sweetruy1997 the Basher (level 8, -8/66 HPs)
             Began as a Minotaur Berserker on June 26, 2021.
             Was a Priest of Trog.
             Mangled by an ogre (32 damage)
             ... on level 5 of the Dungeon.
             The game lasted 00:08:51 (4111 turns).

Sweetruy1997 the Basher (Minotaur Berserker)        Turns: 4111, Time: 00:08:52

Health: -8/66      AC:  4    Str: 23    XL:     8   Next: 39%
Magic:  7/7        EV: 12    Int:  4    God:    Trog [***...]
Gold:   91         SH:  0    Dex: 11    Spells: 7/7 levels left

rFire    . . .     SeeInvis .   m - +10 falchion "Potiyrae" {freeze, rElec}
rCold    . . .     Faith    .   (no shield)
rNeg     . . .     Spirit   .   i - +0 leather armour
rPois    .         Reflect  .   (helmet restricted)
rElec    +         Harm     .   (no cloak)
rCorr    .         Rampage  .   (no gloves)
Will     .....                  o - +0 pair of boots
Stlth    ++........             (no amulet)
HPRegen  0.21/turn              d - +4 ring of slaying
MPRegen  0.10/turn              f - +4 ring of slaying

@: no status effects
A: horns 2, retaliatory headbutt
a: Renounce Religion, Berserk, Trog's Hand


You were on level 5 of the Dungeon.
You worshipped Trog.
Trog was most pleased with you.
You visited 1 branch of the dungeon, and saw 5 of its levels.

You collected 163 gold pieces.
You spent 72 gold pieces at shops.

Inventory:

Hand Weapons
 m - the +10 falchion "Potiyrae" (weapon) {freeze, rElec}
   (You took it off an orc on level 5 of the Dungeon)

   It has been specially enchanted to freeze those struck by it, causing extra
   injury to most foes and up to half again as much damage against particularly
   susceptible opponents.
   It can also slow down cold-blooded creatures.
   It insulates you from electricity.
 p - a +2 whip of electrocution
Armour
 i - a +0 leather armour (worn)
 o - a +0 pair of boots (worn)
Jewellery
 d - a +4 ring of slaying (left hand)
 f - a +4 ring of slaying (right hand)
 q - an amulet of magic regeneration
Scrolls
 b - a scroll of teleportation {unknown}
 g - a scroll of brand weapon {unknown}
 h - 3 scrolls of identify {unknown}
 j - a scroll of fog {unknown}
 k - a scroll of blinking {unknown}
 l - a scroll of torment {unknown}
Potions
 a - 2 potions of curing
 c - a potion of attraction {unknown}
 e - a potion of flight {unknown}
 n - a potion of heal wounds {unknown}


   Skills:
 - Level 4.0 Fighting
 + Level 3.4 Long Blades
 - Level 5.1(8.1) Axes
 - Level 9.6(10.1) Maces & Flails
 - Level 3.0 Armour
 - Level 3.0 Dodging
 - Level 3.0 Stealth


You had 7 spell levels left.
You didn't know any spells.
Your spell library was empty.

Dungeon Overview and Level Annotations

Branches:
Dungeon (5/15)
 Temple: D:4-7

Altars:
Fedhas
Gozag
Kikubaaqudgha
Okawaru

Shops:
D:2 [   D:3 *


Innate Abilities, Weirdness & Mutations

You have a pair of horns on your head.
You reflexively headbutt those who attack you in melee.


Message History

An ice beast is nearby!
You slash the ice beast!
The ice beast is heavily wounded.
The ice beast closely misses you. You furiously retaliate!
You headbutt the ice beast.
The ice beast hits you but does no damage.
You slash the ice beast!
You kill the ice beast!
Trog accepts your kill.
Your Long Blades skill increases to level 3!
An adder comes into view.
The adder hisses angrily.
No target in view!
No target in view!
An adder is nearby!
The adder bites you.
You miss the adder. The adder bites you but does no damage.
The adder barely misses you.
You slice the adder!!
The adder seems to slow down.
You freeze the adder.
You kill the adder!
Trog accepts your kill.
No target in view!
You see here an adder corpse.
Found a stone staircase leading up.
Found a stone staircase leading down.
q - an amulet of magic regeneration
Found 15 sling bullets.
An ogre comes into view. It is wielding a +0 giant spiked club.
Found a ring mail.
You see here 15 sling bullets.
The ogre shouts!
The ogre hits you with a +0 giant spiked club!!
You slash the ogre! You freeze the ogre. Your headbutt misses the ogre.
The ogre is moderately wounded.
The ogre hits you with a +0 giant spiked club!!
You are too injured to fight recklessly!
You barely miss the ogre.
The ogre is moderately wounded.
The ogre hits you with a +0 giant spiked club!!
You die...

##### ####### #...#
#.....## #.#.#####
#.#..... #(#.....#
#.#...#. #.#####.#
#.#...#.
#.#.###.###.#.###.
#@..........#.....
+..O......>..#.####
####.#######.#.....
#.# #.#..<#. [#
###.#.###. #
....#.....
###....†#.
....###.##
######.#....#


You could see an ogre.

Vanquished Creatures
  Pikel (D:4)
  Sigmund (D:3)
  An ogre (D:4)
  An ice beast (D:5)
  A necrophage (D:5)
  A scorpion (D:5)
  5 hounds
  2 orc priests (D:5)
  Terence (D:3)
  8 gnolls (D:4)
  7 adders
  3 worms
  3 dart slugs
  9 orcs
  9 ball pythons
  6 endoplasms
  8 giant cockroaches
  7 goblins
  A hobgoblin (D:4)
  6 jackals
  A quokka (D:5)
  6 bats
  3 frilled lizards
  5 kobolds
  3 rats
99 creatures vanquished.

Notes
Turn   | Place    | Note
-------+----------+-------------------------------------------
     0 | D:1      | Sweetruy1997 the Minotaur Berserker began the quest for the
                  | Orb.
     0 | D:1      | Reached XP level 1. HP: 19/19 MP: 0/0
   201 | D:1      | Reached XP level 2. HP: 27/27 MP: 1/1
   530 | D:1      | Found a faded altar of an unknown god.
   800 | D:2      | Reached XP level 3. HP: 33/33 MP: 2/2
   886 | D:2      | Found Feroym's Antique Armour Shop.
  1056 | D:2      | Reached ** piety under Trog
  1069 | D:2      | Reached skill level 5 in Axes
  1072 | D:2      | Reached XP level 4. HP: 35/40 MP: 3/3
  1740 | D:3      | Found a blossoming altar of Fedhas.
  1900 | D:3      | Noticed Sigmund
  1906 | D:3      | Killed Sigmund
  1907 | D:3      | Reached skill level 3 in Maces & Flails
  1907 | D:3      | Reached skill level 1 in Stealth
  1907 | D:3      | Reached XP level 5. HP: 35/46 MP: 4/4
  2038 | D:3      | Noticed Terence
  2043 | D:3      | Killed Terence
  2044 | D:3      | Reached skill level 4 in Maces & Flails
  2044 | D:3      | Reached XP level 6. HP: 45/52 MP: 5/5
  2328 | D:2      | Bought a pair of boots for 72 gold pieces
  2462 | D:3      | Found Emiaqedu's Assorted Antiques.
  2687 | D:4      | Found an opulent altar of Gozag.
  2728 | D:4      | Reached skill level 5 in Maces & Flails
  2920 | D:4      | Found an ancient bone altar of Kikubaaqudgha.
  3087 | D:4      | Reached XP level 7. HP: 49/59 MP: 6/6
  3095 | D:4      | Reached *** piety under Trog
  3230 | D:4      | Reached skill level 6 in Maces & Flails
  3381 | D:4      | Noticed Pikel
  3391 | D:4      | Killed Pikel
  3392 | D:4      | Reached skill level 8 in Maces & Flails
  3392 | D:4      | Reached XP level 8. HP: 12/66 MP: 7/7
  3846 | D:5      | Entered Level 5 of the Dungeon
  3860 | D:5      | Reached skill level 9 in Maces & Flails
  3906 | D:5      | Found an iron altar of Okawaru.
  3913 | D:5      | Identified the +10 falchion "Potiyrae" {freeze, rElec}
  4111 | D:5      | Mangled by an ogre

Illustrated notes

Levels and vault maps discovered:
D:1:      minmay_arrival_shattered_statue, layout_rooms,
          ebering_ecumenical_altar_webs
D:2:      layout_loops_ring, serial_shops, nicolae_lakefront_shop
D:3:      layout_loops_ring, fedhas_altar_fruit_tree, serial_shops,
          nicolae_shop_statue_plus, uniq_terence, uniq_sigmund
D:4:      layout_loops_cross, lemuel_doored_altar, kennysheep_mini_moat,
          minmay_distorted, uniq_pikel
D:5:      layout_basic, gammafunk_temple_overflow_claw,
          okawaru_ov_weapons_minmay, chequers_serial_rivers_micro_a

Skill      XL: |  1  2  3  4  5  6  7  8 |
---------------+-------------------------+-----
Axes           | 4 5 |  5.1
Fighting       | 4 |  4.0
Armour         | 3 |  3.0
Dodging        | 3 |  3.0
Maces & Flails | 3 4 5 8 9 |  9.6
Stealth        | 1 2 3 |  3.0
Long Blades    | 3 |  3.4

Action                   |  1- 3 |  4- 6 |  7- 9 || total
-------------------------+-------+-------+-------++-------
Melee: Hand axe          |    42 |    10 |       ||    52
       Headbutt          |     3 |     7 |     4 ||    14
       Mace              |       |    51 |    31 ||    82
       Whip              |       |       |    13 ||    13
       Falchion          |       |       |    10 ||    10
  Use: Potion            |       |       |     1 ||     1
 Stab: Sleeping          |       |     3 |     2 ||     5
Armor: Leather armour    |     8 |     9 |    14 ||    31
Dodge: Dodged            |    24 |    37 |    26 ||    87
       Rpst.: Falchion   |       |       |     1 ||     1

Table legend: (Time is in decaauts)
 A = Elapsed time spent in this place.
 B = Non-inter-level travel time spent in this place.
 C = Inter-level travel time spent in this place.
 D = Time resting spent in this place.
 E = Time spent auto-exploring this place.
 F = Levels seen in this place.
 G = Mean time per level.
                   A        B        C        D        E       F      G
               +--------+--------+--------+--------+--------+-----+--------+
         Total |   4118 |   3892 |    226 |    809 |   2525 |   5 |  823.6 |
       Dungeon |   4118 |   3892 |    226 |    809 |   2525 |   5 |  823.6 |
               +--------+--------+--------+--------+--------+-----+--------+

Top non-repeatable levels by time:
     D:4: 1251 daAuts
     D:3: 1045 daAuts
     D:2: 960 daAuts
     D:1: 600 daAuts
     D:5: 261 daAuts
